 Dungeon Crawl Stone Soup version 0.31-a0-844-gdc52ec4e09 (webtiles) character file.

Game seed: 12343271832729414578

3384 Ijustatesigmund the Thaumaturge (level 9, -3/48 HPs)
             Began as a Deep Elf Fire Elementalist on Sept 29, 2023.
             Was a Follower of Vehumet.
             Shot with an arrow by a centaur (6 damage)
             ... on level 7 of the Dungeon.
             The game lasted 00:11:39 (8049 turns).

Ijustatesigmund the Thaumaturge (DEFE)              Turns: 8049, Time: 00:11:40

Health: -3/48      AC:  3    Str:  5    XL:     9   Next: 74%
Magic:  24/24      EV: 12    Int: 25    God:    Vehumet [*.....]
Gold:   468        SH:  0    Dex: 15    Spells: 15/27 levels left

rFire   + + .        z - +0 orcbow
rCold   x . .        (shield currently unavailable)
rNeg    . . .        a - +0 robe
rPois   .            (no helmet)
rElec   .            (no cloak)
rCorr   .            l - +0 pair of gloves
SInv    .            (no boots)
Will    .....        j - amulet of magic regeneration
Stlth   ++           r - ring of fire
HPRegen 0.28/turn    v - ring of protection from fire
MPRegen 0.59/turn

%: no passive effects
@: no status effects
A: no striking features
a: Renounce Religion


You were on level 7 of the Dungeon.
You worshipped Vehumet.
Vehumet was aware of your devotion.
You visited 2 branches of the dungeon, and saw 8 of its levels.

You collected 468 gold pieces.

Inventory:

Hand Weapons
 c - a +2 hand axe of electrocution
 z - a +0 orcbow (weapon)
Armour
 a - a +0 robe (worn)
 l - a +0 pair of gloves (worn)
Jewellery
 j - an amulet of magic regeneration (around neck)
 r - a ring of fire (left hand)
 t - a +6 ring of dexterity
 v - a ring of protection from fire (right hand)
Wands
 x - a wand of quicksilver (6)
 A - a wand of charming (20)
 B - a wand of iceblast (8)
Scrolls
 d - 7 scrolls of identify {unknown}
 f - a scroll of silence {unknown}
 i - 2 scrolls of immolation {unknown}
 k - a scroll of enchant armour {unknown}
 m - a scroll of amnesia {unknown}
 o - 2 scrolls of vulnerability {unknown}
 p - 3 scrolls of revelation {unknown}
 u - a scroll of poison {unknown}
 w - a scroll of fog {unknown}
 y - a scroll of noise {unknown}
 C - a scroll of teleportation {unknown}
Potions
 b - 3 potions of magic
 e - 2 potions of might {unknown}
 g - a potion of mutation {unknown}
 h - 2 potions of heal wounds
 n - 3 potions of curing {unknown}
 q - 4 potions of attraction {unknown}
 s - a potion of haste {unknown}


   Skills:
 - Level 2.1 Fighting
 - Level 4.4 Ranged Weapons
 - Level 2.4 Dodging
 - Level 2.4 Stealth
 + Level 9.6 Spellcasting
 + Level 7.6 Conjurations
 + Level 4.4 Transmutations
 + Level 8.3 Fire Magic
 - Level 2.8 Evocations


You had 15 spell levels left.
You knew the following spells:

 Your Spells              Type           Power      Damage    Failure   Level
a - Foxfire               Conj/Fire      100%       2x1d9     1%          1
b - Scorch                Fire           100%       2d9       1%          2
c - Flame Wave            Conj/Fire      67%        2d15      1%          4
d - Irradiate             Conj/Tmut      21%        3d18      12%         5

Your spell library contained the following spells:

 Spells                   Type           Power      Damage    Failure   Level
 Kiss of Death            Conj/Necr      100%       2d13      1%          1
 Inner Flame              Hex/Fire       49%        N/A       2%          3
 Volatile Blastmotes      Fire/Tloc      98%        2d18      2%          3
 Necrotise                Necr           48%        1d6       5%          1
 Slow                     Hex            48%        N/A       5%          1
 Sublimation of Blood     Necr           12%        N/A       8%          2
 Confusing Touch          Hex            12%        N/A       16%         3
 Gell's Gravitas          Tloc           12%        N/A       16%         3
 Sigil of Binding         Hex            12%        N/A       16%         3
 Teleport Other           Tloc           12%        N/A       16%         3
 Vampiric Draining        Necr           12%        2d6       16%         3
 Petrify                  Tmut/Erth      23%        N/A       21%         4
 Starburst                Conj/Fire      33%        6d10      30%         6
 Agony                    Necr           12%        N/A       82%         5
 Plasma Beam              Fire/Air       24%        2x1d36    82%         6
 Dispersal                Tloc           6%         N/A       100%        6


Dungeon Overview and Level Annotations

Branches:
Dungeon (7/15)             Temple (1/1) D:5

Altars:
Cheibriados
Elyvilon
Fedhas
Gozag
Hepliaklqana
Kikubaaqudgha
Makhleb
Nemelex Xobeh
Okawaru
Sif Muna
Uskayaw
Vehumet
Wu Jian
Yredelemnul
Zin
The Shining One

Shops:
D:2 (   D:4 *   D:6 (

Annotations:
D:5 2 transporters, leebro123's ghost, novice SpEn


Message History

Vehumet accepts your kill.
No target in view!
No target in view!
No target in view!
A centaur comes into view.
You shoot an arrow. The centaur shouts!
The arrow hits the centaur.
The centaur is lightly wounded.
The centaur wields a +0 orcbow.
The centaur shoots an arrow.
The arrow hits you!
You shoot an arrow.
The arrow hits the centaur but does no damage.
The centaur is lightly wounded.
The centaur shoots an arrow.
The arrow hits you.
The centaur shoots an arrow.
The arrow misses you.
You shoot an arrow. The arrow barely misses the centaur.
The centaur shoots an arrow.
The arrow closely misses you.
The centaur shoots an arrow.
The arrow barely misses you.
You shoot an arrow. The arrow barely misses the centaur.
The centaur shoots an arrow.
The arrow hits you.
You shoot an arrow. The arrow hits the centaur.
The centaur is heavily wounded.
The centaur shoots an arrow.
The arrow hits you!
The centaur shoots an arrow.
The arrow hits you.
You are too injured to fight recklessly!
You are too injured to fight recklessly!
You are too injured to fight recklessly!
You are too injured to fight recklessly!
You are too injured to fight recklessly!
You are too injured to fight recklessly!
You are too injured to fight recklessly!
Aiming: Quicksilver Bolt
Press: ? - help, Shift-Dir - straight line, f/p - centaur
Aim: a centaur, wielding a +0 orcbow (heavily wounded, 83% to hit)
The bolt of dispelling energy misses the centaur.
The centaur shoots an arrow.
The arrow hits you!
* * * LOW HITPOINT WARNING * * *
The centaur shoots an arrow.
The arrow hits you.
You die...

...............#
...>...........#
.....###.#+#.#+###
...........#.....#
.........#.#)....#
#..#+#####.#.....#
..>..............#
.......###.......#
.......#
#......@#######
.......#
#..............
.......#
#......!.......
.......#
#..............
.......#
#...††)........
#....)..#######
#..c.....#
#........#
####.....#


You could see a centaur.

Vanquished Creatures
  Pikel (D:7)
  A wyvern (D:7)
  2 water moccasins (D:7)
  Duvessa (D:6)
  An orc warrior (D:6)
  A sky beast (D:6)
  4 centaurs
  3 ogres
  4 lemures (D:7)
  2 bullfrogs (D:7)
  A gnoll sergeant (D:7)
  2 scorpions (D:4)
  10 wights
  Dowan (D:6)
  A howler monkey (D:5)
  6 hounds
  A jelly (D:7)
  A sleepcap (D:4)
  A gnoll bouda (D:5)
  5 iguanas
  3 orc wizards
  11 gnolls
  9 adders
  2 shadow imps
  4 white imps
  3 worms (D:3)
  2 dart slugs
  11 orcs
  5 endoplasms
  3 giant cockroaches
  6 goblins
  7 hobgoblins
  4 jackals (D:2)
  3 quokkas
  4 ball pythons
  7 bats
  2 frilled lizards
  3 kobolds (D:1)
  3 rats
141 creatures vanquished.

Vanquished Creatures (others)
  255 foxfires
255 creatures vanquished.

Grand Total: 396 creatures vanquished

Notes
Turn   | Place    | Note
-------+----------+-------------------------------------------
     0 | D:1      | Ijustatesigmund the Deep Elf Fire Elementalist began the
                  | quest for the Orb.
     0 | D:1      | Reached XP level 1. HP: 10/10 MP: 6/6
   256 | D:1      | Reached XP level 2. HP: 16/16 MP: 2/8
   259 | D:1      | Learned a level 2 spell: Scorch
   696 | D:1      | Found a faded altar of an unknown god.
  1166 | D:2      | Reached skill level 1 in Fighting
  1166 | D:2      | Reached XP level 3. HP: 20/20 MP: 6/10
  1663 | D:2      | Found Sakhikk's Antique Weapon Boutique.
  2076 | D:3      | Found a burning altar of Makhleb.
  2120 | D:3      | Reached XP level 4. HP: 25/25 MP: 8/11
  2121 | D:3      | Reached skill level 4 in Spellcasting
  2573 | D:3      | Reached XP level 5. HP: 30/30 MP: 13/13
  2597 | D:3      | Learned a level 4 spell: Flame Wave
  2996 | D:4      | Reached skill level 5 in Spellcasting
  2996 | D:4      | Reached XP level 6. HP: 35/35 MP: 13/15
  3258 | D:4      | Found an ornate altar of the Wu Jian Council.
  3271 | D:4      | Found Zin's Purification Station.
  3283 | D:4      | Found a glowing silver altar of Zin.
  3414 | D:4      | Reached skill level 5 in Fire Magic
  3596 | D:5      | Entered Level 5 of the Dungeon
  3610 | D:5      | Found a transporter.
  3743 | D:5      | Found a staircase to the Ecumenical Temple.
  3755 | Temple   | Entered the Ecumenical Temple
  3766 | Temple   | Became a worshipper of Vehumet
  3798 | D:5      | Found a transporter.
  3801 | D:5      | Noticed leebro123's ghost (novice SpEn)
  3834 | D:5      | Found a hide-covered altar of Uskayaw.
  3941 | D:5      | Reached skill level 1 in Evocations
  3941 | D:5      | Reached XP level 7. HP: 31/40 MP: 17/17
  3996 | D:5      | Identified the +5 ring mail of Fedhas's Supremacy {rN+
                  | rCorr Dex+3 Stlth+}
  4231 | D:5      | Reached skill level 6 in Spellcasting
  4422 | D:5      | Reached skill level 1 in Ranged Weapons
  4451 | D:5      | Found an ancient bone altar of Kikubaaqudgha.
  5495 | D:6      | Reached skill level 5 in Conjurations
  5495 | D:6      | Reached XP level 8. HP: 24/44 MP: 9/20
  5628 | D:6      | Found a white marble altar of Elyvilon.
  5647 | D:6      | Found Bofoqy's Antique Weapon Shoppe.
  5697 | D:6      | Reached skill level 7 in Spellcasting
  5702 | D:6      | Found a snail-covered altar of Cheibriados.
  5877 | D:6      | Found a glowing golden altar of the Shining One.
  5927 | D:6      | Reached * piety under Vehumet
  5927 | D:6      | Offered knowledge of Kiss of Death by Vehumet.
  5935 | D:6      | Learned a level 5 spell: Irradiate
  6045 | D:6      | Noticed Duvessa
  6059 | D:6      | Killed Duvessa
  6060 | D:6      | Reached skill level 8 in Spellcasting
  6376 | D:6      | Noticed Dowan
  6381 | D:6      | Killed Dowan
  6382 | D:6      | Reached skill level 1 in Transmutations
  6461 | D:6      | Found an iron altar of Okawaru.
  7246 | D:7      | Noticed Pikel
  7257 | D:7      | Killed Pikel
  7258 | D:7      | Reached XP level 9. HP: 36/48 MP: 8/23
  7601 | D:7      | Reached skill level 9 in Spellcasting
  7944 | D:7      | Identified the +6 flail of Desertification {antimagic, rF+}
  8049 | D:7      | Shot with an arrow by a centaur

Illustrated notes

Levels and vault maps discovered:
D:1:      psy_arrival_whirlpool, layout_rooms, serial_rivers,
          chequers_serial_rivers_micro_a, chequers_serial_rivers_marsh,
          chequers_serial_rivers_small_3, chequers_serial_rivers_large_a,
          chequers_serial_rivers_micro_d, shapermc_ecumenical_altar_venn,
          chequers_serial_rivers_micro_c
D:2:      layout_loops_ring, serial_shops, nicolae_shop_waterfront,
          minivault_11, serial_park_tiny_1, minmay_stone_trees_small
D:3:      layout_loops_ring, mainiacjoe_overflow_catwalk,
          nicolae_elevator_lobby_plus
D:4:      layout_loops_ring, zin_purify, old_standard_altar, st_stairs_4
D:5:      layout_loops_ring, eat_drink_and_be_merry_uskayaw,
          lemuel_coloured_pillars_altar, minmay_temple_entry_statues_fountains,
          gammafunk_ghost_stat_death
D:6:      dreamdust_elfheim, layout_basic, kennysheep_mini_moat,
          okawaru_trees_2, amcnicky_altar_gilded, general_overflow_altar,
          serial_shops, shop, dk_noncrumbling_2
D:7:      layout_basic, nicolae_overflow_crystal_walls, minmay_bent, uniq_pikel
Temple:   nicolae_temple_great_sept

Skill      XL: |  1  2  3  4  5  6  7  8  9 |
---------------+----------------------------+-----
Fighting       | 1 2 |  2.1
Conjurations   | 2 3 4 5 6 7 |  7.6
Spellcasting   | 4 5 6 8 9 |  9.6
Fire Magic     | 4 5 6 7 8 |  8.3
Evocations     | 1 2 |  2.8
Ranged Weapons | 2 4 |  4.4
Transmutations | 2 4 |  4.4
Dodging        | |  2.4
Stealth        | |  2.4

Action                     |  1- 3 |  4- 6 |  7- 9 || total
---------------------------+-------+-------+-------++-------
  Melee: Spear             |     2 |       |       ||     2
         Hand axe          |       |     1 |     2 ||     3
   Fire: Orcbow            |       |       |    85 ||    85
   Cast: Foxfire           |    83 |    69 |    12 ||   164
         Scorch            |     7 |    27 |    37 ||    71
         Flame Wave        |       |       |    21 ||    21
  Evoke: Wand              |       |       |     7 ||     7
    Use: Potion            |       |     1 |     2 ||     3
 Armour: Robe              |     7 |    17 |    70 ||    94
  Dodge: Dodged            |    16 |    18 |    73 ||   107

Table legend: (Time is in decaauts)
 A = Elapsed time spent in this place.
 B = Non-inter-level travel time spent in this place.
 C = Inter-level travel time spent in this place.
 D = Time resting spent in this place.
 E = Time spent auto-exploring this place.
 F = Levels seen in this place.
 G = Mean time per level.
                   A        B        C        D        E       F      G
               +--------+--------+--------+--------+--------+-----+--------+
         Total |   8094 |   7904 |    190 |   1845 |   4990 |   8 | 1011.8 |
       Dungeon |   8071 |   7881 |    190 |   1845 |   4990 |   7 | 1153.0 |
        Temple |     22 |     22 |      0 |      0 |      0 |   1 |   22.0 |
               +--------+--------+--------+--------+--------+-----+--------+

Top non-repeatable levels by time:
     D:5: 1848 daAuts
     D:6: 1771 daAuts
     D:1: 1040 daAuts
     D:2: 956 daAuts
     D:3: 876 daAuts
     D:7: 842 daAuts
     D:4: 736 daAuts
  Temple: 22 daAuts
